[Event "Early-Titled-Tuesday-Blitz-April-16-2024"]
[Site "Chess.com"]
[Date "2024.04.16"]
[Round "3"]
[White "Acva-Alenok"]
[Black "Tugrik1969"]
[Result "1-0"]
[WhiteElo "2310"]
[BlackElo "2507"]
[TimeControl "180+1"]
[EndTime "8:29:16 PDT"]
[Termination "Acva-Alenok won on time"]

1. d4 d5 2. c4 e6 3. Nf3 Nf6 4. g3 dxc4 5. Bg2 a6 6. O-O Nc6 7. Bg5 Be7 8. e3 O-O 9. Qc1 h6 10. Bxf6 Bxf6 11. Rd1 Qe7 12. Qxc4 e5 13. d5 Na5 14.
Qa4 b6 15. Nc3 Bd7 16. Qc2 Nc4 17. Ne4 Nd6 18. Nxf6+ Qxf6 19. Nd2 Rac8 20. Rac1 Bg4 21. Re1 Bf5 22. Qa4 Bd3 23. Ne4 Bxe4 24. Bxe4 b5 25. Qc2 Qe7 26. Bg2 Nc4 27. b3 Nb6 28. Qc5 Qf6 29. Qc6 Qf5 30. Qb7 e4 31. Qxa6 b4 32.
Red1 Rfd8 33. d6 Ra8 34. Qb7 Rdb8 35. Qxc7 1-0

[Event "Early-Titled-Tuesday-Blitz-April-16-2024"]
[Site "Chess.com"]
[Date "2024.04.16"]
[Round "3"]
[White "BeautiFullMindChess"]
[Black "GrotBchess"]
[Result "0-1"]
[WhiteElo "2250"]
[BlackElo "2458"]
[TimeControl "180+1"]
[EndTime "8:29:18 PDT"]
[Termination "GrotBchess won by resignation"]

1. e4 c5 2. Nf3 Nc6 3. Bb5 g6 4. Nc3 Bg7 5. O-O Nd4 6. Nxd4 cxd4 7. Ne2 e5 8. f4 a6 9. Ba4 Ne7 10. fxe5 O-O 11. Nxd4 Qb6 12. c3 Bxe5 13. Kh1 Bxd4 14. cxd4 Qxd4 15. d3 Qg7 16. Bb3 h6 17. Bd2 d5 18. exd5 Bf5 19. Bc3 Qh7 20. g4 Bd7 21. Rf6 Rad8 22. Qf3 Be8 23. Re1 Nc8 24. Re7 Nxe7 25.
Qe4 Nc8 26. Qe5 Rd7 27. d6 Rxd6 28. Rxd6 Nxd6 29. Qxd6 Bc6+ 30. Kg1 h5 31. g5 h4 32. Kf2 Re8 33. Qf6 h3 34. Kg3 Rf8 35.
Kf2 Qh4+ 36. Ke3 Qh7 37. Kd2 Bd7 38. Kc2 Be6 39. Bxe6 fxe6 40. Qxe6+ Qf7 41. Qe5 Kh7 42. Qd4 Qf2+ 43. Qxf2 Rxf2+ 44. Kb3 Rxh2 45. Bf6 Rg2 46. Be5 h2 47. Bxh2 Rxh2 0-1

[Event "Early-Titled-Tuesday-Blitz-April-16-2024"]
[Site "Chess.com"]
[Date "2024.04.16"]
[Round "3"]
[White "JoliyRoger"]
[Black "Sanyura"]
[Result "0-1"]
[WhiteElo "2423"]
[BlackElo "2604"]
[TimeControl "180+1"]
[EndTime "8:29:19 PDT"]
[Termination "Sanyura won by checkmate"]

1. d4 Nf6 2. c4 g6 3. Nc3 Bg7 4. e4 d6 5. Nf3 O-O 6. h3 Nc6 7.
Bg5 h6 8. Be3 e5 9. d5 Ne7 10.
g4 Ne8 11. Rg1 Kh7 12. Bd3 c6 13. Qc2 a6 14. a3 b5 15. dxc6 Nxc6 16. cxb5 axb5 17.
Bxb5 Nd4 18. Qd1 Nxb5 19. Nxb5 Bb7 20. Nc3 Nf6 21. g5 Nxe4 22. Nxe4 Bxe4 23. gxh6 Bxf3 24. Qxf3 Bxh6 25. h4 Qa5+ 26. Kf1 Qb5+ 27. Qe2 Qc6 28. h5 Bxe3 29. hxg6+ fxg6 30. Qxe3 Rab8 31. Rc1 Qa6+ 32. Kg2 Qb7+ 33. Kg3 Kg7 34. Rh1 Rf4 35. Qc3 Qe4 36.
Qc7+ Kf6 37. Qxd6+ Kg5 38. Qe7+ Rf6 39. Rc3 Qf4+ 40.
Kg2 Qxf2+ 41. Kh3 Qh4+ 42. Kg2 Rxb2+ 43. Kg1 Qf2# 0-1

[Event "Early-Titled-Tuesday-Blitz-April-16-2024"]
[Site "Chess.com"]
[Date "2024.04.16"]
[Round "3"]
[White "Fjal"]
[Black "YouJustFoundYourGodfather"]
[Result "0-1"]
[WhiteElo "2305"]
[BlackElo "2568"]
[TimeControl "180+1"]
[EndTime "8:29:19 PDT"]
[Termination "YouJustFoundYourGodfather won on time"]

1. Nf3 Nf6 2. g3 d5 3. Bg2 e6 4. O-O Be7 5. d3 O-O 6. Nbd2 a5 7. e4 a4 8. a3 Nc6 9. e5 Nd7 10. Re1 b5 11. Nf1 Bb7 12. h4 b4 13. N1h2 bxa3 14.
Rxa3 Bxa3 15. bxa3 Qe7 16. h5 f5 17. exf6 Nxf6 18.
h6 g6 19. Bb2 Rae8 20. Qa1 e5 21. Nxe5 Nxe5 22. Rxe5 Qd7 23. Nf3 d4 24. Bxd4 Ng4 25. Qa2+ Rf7 26. Rxe8+ Qxe8 27. Ng5 Qe1+ 28. Bf1 Nxh6 29. Nxf7 Nxf7 30. Qb2 Nd6 31. Be5 Bc6 32. Qb8+ Ne8 33. Bxc7 Qe7 34. Be5 Qxa3 35. Bb2 Qc5 36. Qf4 a3 37. Ba1 a2 38. Bh3 Qd5 39.
f3 h5 40. Qh6 Qc5+ 41. Kh2 Qd6 42. Qh8+ Kf7 0-1

[Event "Early-Titled-Tuesday-Blitz-April-16-2024"]
[Site "Chess.com"]
[Date "2024.04.16"]
[Round "3"]
[White "Lukianoo"]
[Black "NovoselovRoman"]
[Result "0-1"]
[WhiteElo "2834"]
[BlackElo "2597"]
[TimeControl "180+1"]
[EndTime "8:29:20 PDT"]
[Termination "NovoselovRoman won by checkmate"]

1. e4 c5 2. Nf3 d6 3. d4 cxd4 4. Qxd4 Nc6 5. Bb5 Bd7 6. Qd3 Nf6 7. c4 a6 8. Bxc6 Bxc6 9. Nc3 b5 10. cxb5 axb5 11. Nd4 Bd7 12. Ndxb5 Qa5 13. O-O g6 14. b4 Qd8 15. a4 Bg7 16. Be3 O-O 17. a5 Qb8 18. Bb6 Bxb5 19. Qxb5 Qe8 20. Qxe8 Rfxe8 21. Bd4 Reb8 22. b5 Bh6 23. Bxf6 exf6 24. Rfd1 f5 25.
b6 Bg7 26. Rdc1 Bxc3 27. Rxc3 Rxb6 28. exf5 gxf5 29. Rc8+ Rxc8 30. axb6 Rb8 31. Rb1 Kf8 32. Kf1 Ke7 33. Ke2 Kd7 34. Ke3 Kc6 35. Kf4 Rxb6 36. Rc1+ Kd5 37. Kxf5 Rb2 38. Rf1 Kc4 39. g4 d5 40. h4 d4 41. Kf6 d3 42. Kxf7 d2 43. f4 Kd3 44. f5 Rb4 45. g5 Rf4 46. Rxf4 d1=Q 47. Kg7 Ke3 48. Rc4 Qd7+ 49. Kh6 Qxf5 50. Rc6 Qe4 51. Rc5 Qg6# 0-1

[Event "Early-Titled-Tuesday-Blitz-April-16-2024"]
[Site "Chess.com"]
[Date "2024.04.16"]
[Round "3"]
[White "LoruF"]
[Black "sokidze"]
[Result "0-1"]
[WhiteElo "2531"]
[BlackElo "2812"]
[TimeControl "180+1"]
[EndTime "8:29:20 PDT"]
[Termination "sokidze won by resignation"]

1. b3 d5 2. Bb2 c5 3. e3 Nf6 4.
Nf3 g6 5. Be2 Bg7 6. O-O O-O 7.
d4 cxd4 8. exd4 Nc6 9. c4 dxc4 10. bxc4 Qb6 11. Qb3 Ne4 12. Rd1 Bf5 13. h3 Rfd8 14.
g4 Be6 15. Qxb6 axb6 16. Nbd2 Nc5 17. Nb3 Na4 18. Rab1 Nxb2 19. Rxb2 Ra4 20. c5 Bxb3 21. axb3 Rb4 22. cxb6 Nxd4 23. Nxd4 Bxd4 24. Rbd2 e5 25.
Bc4 Rxb6 26. Kg2 Rf6 27. f3 Ra8 28. h4 h5 29. gxh5 gxh5 30. Re1 Kh8 31. Ree2 Rg8+ 32. Kh2 Rxf3 33. Rg2 Rg4 34. Rxg4 hxg4 35. h5 Kg7 36.
Ra2 e4 37. Re2 f5 38. Kg2 Kh6 39. Bf7 e3 40. Rc2 f4 41. Bd5 Rg3+ 42. Kh2 Be5 43. Rc8 f3 44. Be4 Rh3+ 45. Kg1 e2 46. Kf2 Bg3+ 0-1

[Event "Early-Titled-Tuesday-Blitz-April-16-2024"]
[Site "Chess.com"]
[Date "2024.04.16"]
[Round "3"]
[White "HaryKane"]
[Black "enriquebutti"]
[Result "1-0"]
[WhiteElo "2549"]
[BlackElo "2170"]
[TimeControl "180+1"]
[EndTime "8:29:21 PDT"]
[Termination "HaryKane won by checkmate"]

1. d4 d5 2. Nf3 Nf6 3. c4 e6 4. Nc3 Be7 5. Bf4 O-O 6. e3 c5 7.
dxc5 Bxc5 8. cxd5 Nxd5 9. Nxd5 exd5 10. a3 Nc6 11. Bd3 Be7 12. O-O Bf6 13. Rb1 Bg4 14. Bc2 g6 15. h3 Bxf3 16. Qxf3 d4 17. Rfd1 Qe7 18. e4 Rfd8 19. Qe2 Be5 20. Bc1 Qh4 21. Qg4 Qxg4 22. hxg4 Rac8 23. f4 Bg7 24. Bd3 Na5 25. b4 Nc4 26. Kf2 Ne3 27. Bxe3 dxe3+ 28. Kxe3 Rc3 29. a4 Bd4+ 30. Ke2 Ra3 31. a5 Bc3 32. b5 Rxa5 33. Bc4 Re8 34. e5 Re7 35. Rd3 Ra1 36. Rxa1 Bxa1 37. Ra3 Bd4 38. Kd3 Bc5 39. Ra2 Rd7+ 40.
Kc3 Rd4 41. g3 g5 42. f5 Rxg4 43. e6 fxe6 44. Bxe6+ Kf8 45. Rh2 Rxg3+ 46. Kc4 Bd6 47. Rxh7 g4 48. Rxb7 Re3 49. Kd5 Be7 50. Rb8+ Kg7 51.
Rg8+ Kf6 52. Rg6# 1-0

[Event "Early-Titled-Tuesday-Blitz-April-16-2024"]
[Site "Chess.com"]
[Date "2024.04.16"]
[Round "3"]
[White "Zhigalko_Sergei"]
[Black "TERMINATOR_PC"]
[Result "1-0"]
[WhiteElo "2896"]
[BlackElo "2586"]
[TimeControl "180+1"]
[EndTime "8:29:22 PDT"]
[Termination "Zhigalko_Sergei won by resignation"]

1. e4 e5 2. Nf3 Nc6 3. Bc4 Nf6 4. d3 Bc5 5. O-O d6 6. c3 a6 7. Bb3 Ba7 8. Nbd2 O-O 9. h3 Be6 10.
Re1 h6 11. Nf1 Ne7 12. Ng3 Ng6 13. d4 Re8 14. Bc2 c6 15. Be3 Qc7 16. Qd2 Kh7 17. Rad1 a5 18. a4 Rad8 19. Qc1 Bc8 20. Qb1 Kg8 21.
dxe5 Bxe3 22. exf6 Ba7 23. Nh5 Ne5 24. Nd4 g6 25.
Ng7 Rf8 26. Qc1 Kh7 27. Qf4 Bd7 28. Re3 c5 29. Nb5 Bxb5 30. axb5 c4 31. Rg3 Rg8 32. Rd5 Bc5 33. h4 Qb6 34. h5 g5 35.
Qf5+ Kh8 36. Ba4 Nd3 37. Rf3 Ne5 38. Rg3 Nd3 39. Rgxd3 cxd3 40. Rxd3 Rxg7 41. fxg7+ Kxg7 42. Bb3 Qc7 43. Rf3 Rf8 44. Qf6+ Kh7 45. Bxf7 1-0

[Event "Early-Titled-Tuesday-Blitz-April-16-2024"]
[Site "Chess.com"]
[Date "2024.04.16"]
[Round "3"]
[White "Roosters19"]
[Black "AlexKhripachenko"]
[Result "0-1"]
[WhiteElo "2324"]
[BlackElo "2820"]
[TimeControl "180+1"]
[EndTime "8:29:22 PDT"]
[Termination "AlexKhripachenko won by resignation"]

1. d4 d5 2. Nf3 Nf6 3. Bf4 c5 4. e3 Nc6 5. c3 e6 6. Nbd2 Nh5 7.
Bg5 f6 8. Bh4 g6 9. Be2 cxd4 10.
cxd4 Bd6 11. Bg3 Nxg3 12. hxg3 O-O 13. a3 Bd7 14. Rc1 Rc8 15. O-O Qb6 16. b4 a5 17.
bxa5 Nxa5 18. Rb1 Qc7 19. Bb5 Nc6 20. a4 Kg7 21. e4 Rfe8 22. Re1 dxe4 23. Nxe4 Be7 24.
d5 exd5 25. Qxd5 Rcd8 26. Qb3 Bc8 27. Rbc1 Bf5 28. Nh4 Bc8 29. Nf3 Bg4 30. Re3 Rc8 31.
Rce1 Bxf3 32. Rxf3 Nd4 33. Rc3 Nxb3 34. Rxc7 Rxc7 35.
Bxe8 f5 36. Rb1 Nd4 37. Nd2 Bc5 38. Nf3 Ne2+ 39. Kh2 Bxf2 40. Bb5 Nxg3 41. Rb2 Ne4 42. Re2 Bg3+ 43. Kh3 Bf4 44. g3 Nxg3 45. Re6 Ne4 46. Rb6 Be3 47. Re6 Kf7 48. Re8 Rc3 49. Rh8 Bd4 50.
Rxh7+ Kg8 51. Rxb7 Rxf3+ 52. Kg2 Rf2+ 53. Kh3 g5 54.
Bc4+ Kh8 55. Rb8+ Kg7 56. Rb7+ Kh6 57. Rb6+ Bxb6 0-1

[Event "Early-Titled-Tuesday-Blitz-April-16-2024"]
[Site "Chess.com"]
[Date "2024.04.16"]
[Round "3"]
[White "amylazy"]
[Black "MokshAD1603"]
[Result "0-1"]
[WhiteElo "2436"]
[BlackElo "2615"]
[TimeControl "180+1"]
[EndTime "8:29:23 PDT"]
[Termination "MokshAD1603 won by resignation"]

1. d4 Nf6 2. Nf3 g6 3. g3 Bg7 4. Bg2 O-O 5. O-O d5 6. c4 c6 7.
Qb3 Qb6 8. Nc3 Rd8 9. Bf4 Na6 10. c5 Qxb3 11. axb3 Bf5 12. Ra4 Bc2 13. Nd2 Nh5 14.
Be3 e5 15. Rc1 exd4 16. Bxd4 Bf5 17. e3 Nf6 18. b4 Nc7 19. Be5 Nfe8 20. Bxg7 Kxg7 21.
Nb3 a6 22. Nd4 Bd7 23. Raa1 Nf6 24. Re1 Ne6 25. Na4 Nxd4 26. exd4 Be6 27. Nb6 Rab8 28.
h3 Re8 29. Re3 Bf5 30. Rae1 Rxe3 31. Rxe3 h5 32. Re7 Kf8 33. Re1 Be6 34. f3 Re8 35. Kf2 Ke7 36. g4 g5 37. Re5 Rg8 38. Bf1 Kd8 39. Bd3 hxg4 40. fxg4 Ne8 41. Kg3 Nc7 42. Bh7 Rh8 43. Bf5 f6 44. Rxe6 Nxe6 45. Bxe6 Re8 46. Bc8 Kc7 47. Bf5 Re3+ 48. Kf2 Rb3 49. Nd7 Rxb4 50. Ke3 Rxb2 51. Nxf6 a5 52. Nh7 a4 53. Nxg5 a3 54. Ne6+ Kb8 55. Nf8 a2 56. Nd7+ Kc7 0-1

[Event "Early-Titled-Tuesday-Blitz-April-16-2024"]
[Site "Chess.com"]
[Date "2024.04.16"]
[Round "3"]
[White "LiemLe"]
[Black "Agibileg"]
[Result "1-0"]
[WhiteElo "3047"]
[BlackElo "2757"]
[TimeControl "180+1"]
[EndTime "8:29:24 PDT"]
[Termination "LiemLe won by resignation"]

1. Nf3 Nf6 2. c4 c5 3. Nc3 e6 4.
g3 b6 5. Bg2 Bb7 6. O-O Be7 7. d4 cxd4 8. Qxd4 d6 9. Bg5 a6 10.
Bxf6 Bxf6 11. Qf4 O-O 12. Rfd1 Be7 13. Ne1 Bxg2 14. Nxg2 Qc7 15. Ne4 Rd8 16. b4 Ra7 17. Ne3 Nc6 18. a3 Ne5 19. Rac1 h6 20. h4 Qb8 21. c5 bxc5 22. bxc5 d5 23. Nd2 Rc8 24. Rb1 Qc7 25. Rdc1 Ng6 26. Qa4 Bxc5 27. Nb3 Qe7 28. Nxc5 Rxc5 29. Rb8+ Nf8 30. Rcb1 Rac7 31. Kg2 a5 32.
Re8 Qd6 33. Rbb8 d4 34. Rxf8+ Qxf8 35. Rxf8+ Kxf8 36. Qxd4 f6 37. Qd8+ Kf7 38. Ng4 h5 39. Nh2 Rc3 40. Nf3 Re7 41. Qxa5 Rb3 42. Qxh5+ Kg8 43. Qc5 Reb7 44. Nd4 Rb2 45. Nxe6 Kf7 46. Nd4 1-0

[Event "Early-Titled-Tuesday-Blitz-April-16-2024"]
[Site "Chess.com"]
[Date "2024.04.16"]
[Round "3"]
[White "andrew-blr"]
[Black "zsizsi99"]
[Result "1-0"]
[WhiteElo "2658"]
[BlackElo "2498"]
[TimeControl "180+1"]
[EndTime "8:29:24 PDT"]
[Termination "andrew-blr won on time"]

1. d4 d5 2. c4 dxc4 3. e3 Nf6 4. Bxc4 e6 5. Nf3 a6 6. O-O c5 7. Qe2 Nc6 8. Rd1 cxd4 9. exd4 Be7 10. Nc3 Nb4 11.
Ne5 b5 12. Bb3 O-O 13. a4 bxa4 14. Nxa4 Bb7 15. Nc5 Bxc5 16. dxc5 Qc7 17. Bg5 Ne4 18.
Bf4 Rfd8 19. c6 Bxc6 20. Rac1 Rxd1+ 21. Bxd1 g5 22. Qxe4 Bxe4 23. Rxc7 gxf4 24. Nxf7 Nd5 25. Nh6+ Kf8 26. Rc4 Bd3 27. Rd4 Bg6 28. Bf3 Rb8 29. h4 Rxb2 30. h5 Bf7 31. Bxd5 exd5 32. Rxf4 Rb7 33.
Rf6 Kg7 34. Rxa6 Bxh5 35. g4 Bg6 36. g5 Be4 37. Ng4 d4 38. Rd6 d3 39. Nf6 Bg6 40. Kh2 Rb2 41. Kg3 Re2 42. Kf3 Re7 43. Kg3 Re2 44. f4 Re3+ 45. Kf2 Re2+ 46. Kf3 Re7 47. Kg4 Be4 48. f5 1-0

[Event "Early-Titled-Tuesday-Blitz-April-16-2024"]
[Site "Chess.com"]
[Date "2024.04.16"]
[Round "3"]
[White "chess123456s"]
[Black "cthulhuuu"]
[Result "1-0"]
[WhiteElo "2603"]
[BlackElo "2423"]
[TimeControl "180+1"]
[EndTime "8:29:24 PDT"]
[Termination "chess123456s won on time"]

1. d4 Nf6 2. Nc3 d5 3. Bf4 c6 4. e3 Qb6 5. Rb1 g6 6. Be2 Bg7 7. h4 h6 8. Nf3 O-O 9. Ne5 Nbd7 10. g4 Nxe5 11. Bxe5 Ne4 12. Bxg7 Kxg7 13. Bd3 Bxg4 14. Ne2 Qa5+ 15. c3 Qxa2 16. Rg1 Bf3 17. Qc2 b5 18.
Nf4 a5 19. Be2 Bxe2 20. Kxe2 b4 21. f3 Qc4+ 22. Ke1 b3 23. Qg2 Nxc3 24. bxc3 Qxc3+ 25. Qd2 Qxd2+ 26. Kxd2 a4 27. h5 g5 28. Nd3 Rfb8 29. Nc5 Rb4 30. Nd3 Rc4 31. Ne5 Rc2+ 32. Kd3 Rh2 33.
Ra1 a3 34. Rgb1 a2 35. Rxb3 c5 36. dxc5 Kf6 37. Nd7+ Kf5 38. c6 Rc8 39. Rc3 Ke6 40.
Nb6 Rc7 41. Na8 Rc8 42. c7 Kd7 43. Nb6+ 1-0

[Event "Early-Titled-Tuesday-Blitz-April-16-2024"]
[Site "Chess.com"]
[Date "2024.04.16"]
[Round "3"]
[White "SHIVACalypso"]
[Black "Tagir45"]
[Result "0-1"]
[WhiteElo "2461"]
[BlackElo "2631"]
[TimeControl "180+1"]
[EndTime "8:29:26 PDT"]
[Termination "Tagir45 won on time"]

1. d4 Nf6 2. c4 e6 3. Nc3 Bb4 4. Qc2 O-O 5. Nf3 b6 6. Bd2 Bb7 7. e3 c5 8. Bd3 Bxf3 9. gxf3 cxd4 10. exd4 Nc6 11. Be3 d5 12. cxd5 Nxd5 13. Bxh7+ Kh8 14. Be4 Rc8 15. a3 Bxc3+ 16. bxc3 f5 17. Bd3 f4 18.
Bd2 Nxd4 19. Qd1 Nxc3 20. Bxc3 Rxc3 21. Be4 e5 22. O-O Qh4 23. Kh1 Rf6 24. Rg1 Qxf2 25. Rg2 Qe3 26. Qg1 Qxg1+ 27. Raxg1 Nxf3 28. Bxf3 Rxf3 29. Rxg7 Rg3 30. hxg3 Kxg7 31. gxf4+ Rg6 32. Re1 exf4 33.
Re7+ Kf6 34. Rxa7 f3 35. Ra8 Ke7 36. Ra7+ Ke6 37. Ra6 f2 38. Rxb6+ Kd5 39. Rb1 Ke4 40. a4 Kd3 41. a5 Rf6 0-1

[Event "Early-Titled-Tuesday-Blitz-April-16-2024"]
[Site "Chess.com"]
[Date "2024.04.16"]
[Round "3"]
[White "BashirliSaadat"]
[Black "lefonghua"]
[Result "0-1"]
[WhiteElo "2346"]
[BlackElo "2581"]
[TimeControl "180+1"]
[EndTime "8:29:26 PDT"]
[Termination "lefonghua won by resignation"]

1. d4 Nf6 2. e3 g6 3. f4 Bg7 4.
Bd3 O-O 5. Nf3 d6 6. O-O c5 7.
c3 Nc6 8. Nbd2 cxd4 9. exd4 e5 10. fxe5 dxe5 11. dxe5 Ng4 12. Qe2 Ngxe5 13. Be4 Re8 14. Nxe5 Nxe5 15. Nb3 Be6 16. Qc2 f5 17. Bf3 Bc4 18.
Rd1 Nxf3+ 19. gxf3 Qh4 20. Qf2 Qxf2+ 21. Kxf2 Re2+ 22.
Kg1 Be5 23. f4 Bc7 24. Nd4 Re4 25. b3 Bf7 26. Rf1 Bb6 27. Bb2 Rae8 28. Rad1 Re2 29. Rf2 R2e4 30. Kf1 a6 31. Rf3 Bc7 32. Bc1 b5 33. h3 Rd8 34. Re1 b4 35. Rxe4 fxe4 36. Rg3 bxc3 37. Rxc3 Ba5 38. Nc6 Bxc3 39. Ke2 Re8 40. Ba3 Bf6 41. Ke3 Bd5 42. Nb4 Bb7 43.
Nc2 Be7 44. Bb2 Bc5+ 45. Ke2 e3 46. b4 Bb6 47. a4 Bd5 48. a5 Bc4+ 49. Ke1 Ba7 50. Na3 Bd3 51. Be5 e2 52. Kd2 Bf2 53.
Nc2 Bxc2 54. Kxe2 Bd4 55. Kd2 Bxe5 56. fxe5 Ba4 57. Kc3 Rxe5 0-1

[Event "Early-Titled-Tuesday-Blitz-April-16-2024"]
[Site "Chess.com"]
[Date "2024.04.16"]
[Round "3"]
[White "PonyQueen07"]
[Black "michaelskie11"]
[Result "0-1"]
[WhiteElo "2174"]
[BlackElo "2383"]
[TimeControl "180+1"]
[EndTime "8:29:27 PDT"]
[Termination "michaelskie11 won on time"]

1. c4 c5 2. Nc3 Nc6 3. g3 g6 4. Bg2 Bg7 5. e4 e6 6. Nge2 Nge7 7. O-O O-O 8. d3 d6 9. Be3 a6 10. Qd2 Rb8 11. a4 f5 12. Bh6 e5 13. Bxg7 Kxg7 14.
f4 Be6 15. Nd5 Nd4 16. Nxd4 cxd4 17. fxe5 dxe5 18. Qg5 Bxd5 19. exd5 Qd6 20. Rae1 Rbe8 21. Re2 Ng8 22. Rfe1 Nf6 23. Bh3 e4 24. Bxf5 e3 25.
Bh3 Nd7 26. Bxd7 Qxd7 27. Qh4 Qxa4 28. Qxd4+ Kg8 29. Rxe3 Rxe3 30. Qxe3 Qc2 31. Qe6+ Kg7 32. Qe5+ Kg8 33. Qe2 Qb3 34. Qe3 Qxb2 35. Qe6+ Rf7 36. Qe8+ Rf8 37. Qe5 Qf2+ 38. Kh1 Qf3+ 39. Kg1 Qxd3 40.
Qe6+ Rf7 41. Qe8+ Kg7 42. Qe5+ Rf6 43. Qe7+ Rf7 44. Qe5+ Kh6 45. d6 Qxc4 46. Qe3+ Kg7 47. Qe5+ Kg8 48. Qe8+ Rf8 49. Qe6+ Qxe6 50. Rxe6 Rd8 51.
Kf2 b5 52. Ke3 Kf7 53. Re7+ Kf6 54. Rxh7 Rxd6 55. Rb7 g5 56. Ke4 Rc6 57. Rh7 Kg6 58.
Rb7 Rc4+ 59. Kd5 Ra4 60. Rb6+ Kh5 61. Ke5 Kg4 62. Kf6 b4 0-1

[Event "Early-Titled-Tuesday-Blitz-April-16-2024"]
[Site "Chess.com"]
[Date "2024.04.16"]
[Round "3"]
[White "Root_21"]
[Black "RobertoJBM"]
[Result "1/2-1/2"]
[WhiteElo "2621"]
[BlackElo "2909"]
[TimeControl "180+1"]
[EndTime "8:29:28 PDT"]
[Termination "Game drawn by repetition"]

1. e4 c6 2. d4 d5 3. Nc3 dxe4 4. Nxe4 Nd7 5. Nf3 Ngf6 6. Bd3 Nxe4 7. Bxe4 Nf6 8. Bd3 Bg4 9. c3 Qd5 10. O-O Bxf3 11.
Qxf3 Qxf3 12. gxf3 e6 13. Bg5 Be7 14. Rfe1 g6 15.
a3 O-O-O 16. Re2 Nd5 17. Bd2 Bd6 18. c4 Nf4 19. Bxf4 Bxf4 20. Re4 Bg5 21. Rd1 Rd7 22.
Bf1 Rhd8 23. Bh3 Kc7 24. b4 h5 25. b5 cxb5 26. cxb5 Rd5 27. a4 Kb6 28. Bf1 R8d7 29. Bc4 R5d6 30. Bb3 Bf6 31. Rf4 Bxd4 32. Kf1 e5 33.
Rxf7 Ka5 34. Rxd7 Rxd7 35. Ke2 Rc7 36. Rg1 Rc3 37. Bd5 Rc2+ 38. Kd3 Rxf2 39. Rxg6 Rxh2 40.
Bxb7 Kxa4 41. Bc6 Kb4 42. Rh6 h4 43. f4 Rh3+ 44. Ke4 Re3+ 45. Kd5 Bc3 46. Rxh4 exf4 47.
Rxf4+ Kb3 48. Re4 Rd3+ 49. Ke6 Bb4 50. Rg4 Rd6+ 51. Ke5 Rd8 52. Ke6 Rd6+ 53. Ke5 Rd8 54. Ke6 Rd6+ 1/2-1/2

[Event "Early-Titled-Tuesday-Blitz-April-16-2024"]
[Site "Chess.com"]
[Date "2024.04.16"]
[Round "3"]
[White "ChessRespected"]
[Black "dvglko"]
[Result "0-1"]
[WhiteElo "2613"]
[BlackElo "2475"]
[TimeControl "180+1"]
[EndTime "8:29:30 PDT"]
[Termination "dvglko won on time"]

1. d4 d5 2. Nf3 Nf6 3. e3 Bg4 4.
c4 c6 5. Nc3 e6 6. h3 Bxf3 7.
Qxf3 Bb4 8. Bd2 O-O 9. a3 Bxc3 10. Bxc3 Ne4 11. Rc1 f5 12. Bb4 Rf7 13. Bd3 a5 14. Bc3 Qh4 15. Qf4 Qd8 16. cxd5 exd5 17. f3 g5 18. Qe5 Nd7 19. Qe6 Nxc3 20. Rxc3 Qf8 21. Bxf5 Re8 22. Qxd7 Rxd7 23. Bxd7 Re7 24. Bg4 Qf4 25. Kf2 Qf7 26. Re1 h5 27. Bc8 Re8 28. Bg4 hxg4 29. hxg4 Kg7 30. b4 axb4 31. axb4 Qe7 32.
b5 Qb4 33. Rcc1 Qd2+ 34. Kg3 Rxe3 35. Red1 Qb2 36. bxc6 bxc6 37. Rxc6 Re2 38. Rc7+ Kf6 39. Rg1 Qb8 40. Rc1 Re7 41. f4 gxf4+ 42. Kh4 Rxc7 43. g5+ Kf5 44. g4+ fxg3 45. Rf1+ Kg6 46. Kg4 Qc8+ 47. Kxg3 Rc3+ 48. Kf2 Qf5+ 0-1

[Event "Early-Titled-Tuesday-Blitz-April-16-2024"]
[Site "Chess.com"]
[Date "2024.04.16"]
[Round "3"]
[White "GMSrinath"]
[Black "HansOnTwitch"]
[Result "0-1"]
[WhiteElo "2809"]
[BlackElo "3146"]
[TimeControl "180+1"]
[EndTime "8:29:31 PDT"]
[Termination "HansOnTwitch won by resignation"]

1. Nf3 d5 2. e3 Nf6 3. b3 Bf5 4. Bb2 h6 5. c4 e6 6. Nc3 a6 7.
Be2 Bd6 8. O-O O-O 9. d4 c6 10. h3 Nbd7 11. Bd3 Ne4 12. Qc2 Ndf6 13. Nd2 Nxd2 14. Qxd2 Ne4 15. Nxe4 dxe4 16. Bc2 Qh4 17. f4 exf3 18. Rxf3 Bxc2 19. Qxc2 f5 20. Bc3 Rae8 21. Raf1 Bg3 22. Qd3 Bc7 23. Be1 Qg5 24. e4 Rf7 25. Bd2 Qg6 26. e5 c5 27. Bc3 cxd4 28. Bxd4 Rd8 29.
Qe3 Rfd7 30. Bb6 Rd3 31. Qc5 Rxf3 32. Rxf3 Rd1+ 33. Kh2 Bxb6 34. Qxb6 Rd2 35. Rg3 Qf7 36. Qe3 Rxa2 37. Qxh6 f4 38. Rg4 f3 39. Qg5 f2 40. Qd8+ Qf8 41. Qxf8+ Kxf8 42. Rf4+ Ke7 43. Kg3 Rb2 44. Rxf2 Rxb3+ 45. Kh4 Rb4 46. Rf4 b5 47.
Kh5 Rxc4 48. Rf3 b4 49. Kg6 a5 50. Kxg7 a4 51. g4 b3 52. g5 b2 53. Rf7+ Kd8 54.
Rb7 a3 55. g6 Rc7+ 56. Rxc7 Kxc7 57. Kf6 b1=Q 58. g7 Qf5+ 0-1

[Event "Early-Titled-Tuesday-Blitz-April-16-2024"]
[Site "Chess.com"]
[Date "2024.04.16"]
[Round "3"]
[White "wild3000"]
[Black "familijatop71"]
[Result "1/2-1/2"]
[WhiteElo "2519"]
[BlackElo "2306"]
[TimeControl "180+1"]
[EndTime "8:29:31 PDT"]
[Termination "Game drawn by repetition"]

1. e4 d5 2. exd5 Qxd5 3. Nc3 Qa5 4.
d4 c6 5. Bd2 Nf6 6. Nf3 Bf5 7.
Bc4 e6 8. O-O Bb4 9. a3 Bxc3 10.
Bxc3 Qc7 11. Ne5 Nbd7 12. Re1 O-O 13. h3 Rad8 14. Qe2 Nxe5 15. dxe5 Ne4 16. Qe3 Nxc3 17. Qxc3 Rd7 18. b4 Rfd8 19. a4 a6 20. Qe3 Bxc2 21.
Rec1 Rd1+ 22. Rxd1 Rxd1+ 23. Rxd1 Bxd1 24. Qc5 Bxa4 25. f4 Bb5 26. Bxb5 axb5 27. Qa7 h6 28. Kh2 Qd7 29. Qb8+ Kh7 30. Qd6 Qc8 31. Qe7 Kg6 32. h4 b6 33. h5+ Kh7 34. Qxf7 c5 35. f5 exf5 36. e6 Qb8+ 37. Kh3 Qf4 38. Qg6+ Kh8 39.
bxc5 Qe3+ 40. Kh2 bxc5 41. Qxf5 c4 42. Qf8+ Kh7 43. e7 Qe5+ 44. Kh3 Qxh5+ 45. Kg3 Qe5+ 46.
Kf3 Qd5+ 47. Kf4 Qd4+ 48. Kf5 Qd5+ 49. Kf4 Qd4+ 50. Kg3 Qe3+ 51. Kh2 Qe5+ 52. Kg1 Qe1+ 53. Kh2 Qe5+ 54. g3 Qh5+ 55. Kg2 Qe2+ 56. Kg1 Qe1+ 57.
Kh2 Qe2+ 58. Kh1 Qe1+ 59. Kh2 Qe2+ 60. Kh3 Qh5+ 61. Kg2 Qe2+ 62. Kg1 Qe1+ 63. Kh2 1/2-1/2

[Event "Early-Titled-Tuesday-Blitz-April-16-2024"]
[Site "Chess.com"]
[Date "2024.04.16"]
[Round "3"]
[White "CarlosjPineror"]
[Black "Oleksandr_Bortnyk"]
[Result "0-1"]
[WhiteElo "2736"]
[BlackElo "3038"]
[TimeControl "180+1"]
[EndTime "8:29:32 PDT"]
[Termination "Oleksandr_Bortnyk won by resignation"]

1. d4 Nf6 2. Nf3 d6 3. c4 g6 4.
Nc3 Bf5 5. g3 Bg7 6. Bg2 O-O 7.
O-O Ne4 8. Qb3 Nxc3 9. bxc3 Be4 10. Bh3 Bxf3 11. exf3 b6 12. Re1 Nc6 13. Qa4 Na5 14.
f4 e6 15. Ba3 c5 16. Rad1 Qe8 17. Qb5 Qxb5 18. cxb5 Nc4 19. Bc1 cxd4 20. cxd4 d5 21. Be3 Rfc8 22. Rc1 f5 23. Bf1 Na3 24. Bd3 Kf7 25. Kf1 Bf8 26. Ke2 Nc4 27. Bxc4 Rxc4 28.
Rxc4 dxc4 29. Rc1 Rc8 30. Bd2 Ba3 31. Rc3 Bb2 32. Rc2 Bxd4 33. Be3 Bf6 34. a4 Rc7 35. Ra2 Bc3 36. Bd2 Bd4 37. Be3 Bc3 38. Bd2 Bg7 39. Be3 c3 40. Kd3 Rd7+ 41. Kc2 Rd5 42. a5 Bf6 43. axb6 axb6 44. Ra7+ Ke8 45. Rb7 Rxb5 46.
Rxb6 Rb2+ 47. Kc1 Kd7 48. h4 Rxb6 49. Bxb6 Kc6 50. Kc2 Kd5 51. f3 Kc4 52. Be3 Bd4 53. Bc1 Bc5 54. g4 h5 55. gxh5 gxh5 0-1

[Event "Early-Titled-Tuesday-Blitz-April-16-2024"]
[Site "Chess.com"]
[Date "2024.04.16"]
[Round "3"]
[White "AradNazari"]
[Black "jcibarra"]
[Result "1/2-1/2"]
[WhiteElo "2702"]
[BlackElo "2958"]
[TimeControl "180+1"]
[EndTime "8:29:32 PDT"]
[Termination "Game drawn - insufficient material"]

1. e4 c5 2. Nf3 Nc6 3. Bb5 e6 4.
Bxc6 bxc6 5. O-O Ne7 6. c3 Ng6 7. d4 d5 8. Re1 Be7 9. b3 O-O 10. Ba3 Qb6 11. dxc5 Bxc5 12. Bxc5 Qxc5 13. Qd4 Qd6 14. e5 Qe7 15. b4 a5 16. h4 axb4 17. cxb4 Ra4 18. a3 c5 19. Qg4 f5 20. exf6 Qxf6 21.
Nbd2 e5 22. Qg5 cxb4 23. axb4 Rxb4 24. h5 Nf4 25. Qxe5 Bg4 26. Qxf6 gxf6 27. h6 Rb7 28. Ra4 Bxf3 29. Rxf4 Bh5 30. Rf5 Bf7 31. Rxf6 Rd7 32. Nf3 Bh5 33. Rxf8+ Kxf8 34. Ne5 Rd6 35. g4 Be8 36. g5 d4 37. Rd1 Bh5 38. Rd2 Ke7 39.
f4 Ke6 40. g6 hxg6 41. h7 Rd8 42. Rxd4 Rh8 43. Rd7 g5 44. Rg7 gxf4 45. Nd3 Kf6 46.
Rg8 Rxh7 47. Nxf4 Bf7 48. Rb8 Kf5 49. Ne2 Bd5 50. Rb5 Rd7 51. Nc3 Ke5 52. Rxd5+ Rxd5 53.
Nxd5 1/2-1/2